 Dungeon Crawl Stone Soup version 0.30-a0-989-g0d87f670db (webtiles) character file.

Game seed: 4693762352971938789

9735 greasedhog the Cleaver (level 11, 0/89 HPs)
             Began as a Demigod Fighter on Apr 3, 2023.
             Slain by a troll (8 damage)
             ... on level 10 of the Dungeon.
             The game lasted 00:20:54 (12008 turns).

greasedhog the Cleaver (Demigod Fighter)           Turns: 12008, Time: 00:20:55

Health: 0/89       AC: 13    Str: 31    XL:     11   Next: 6%
Magic:  14/14      EV:  7    Int: 10    God:
Gold:   502        SH: 11    Dex: 17    Spells: 10/10 levels left

rFire   . . .      SeeInvis .    a - +0 war axe
rCold   . . .      Faith    .    q - +0 kite shield
rNeg    . . .      Spirit   .    y - +0 chain mail
rPois   .          Reflect  .    (no helmet)
rElec   .          Rampage  .    n - +0 cloak
rCorr   .                        F - +0 pair of gloves
Will    +....                    C - +0 pair of boots Stlth
                                 (no amulet)
HPRegen 0.34/turn                t - ring of flight
MPRegen 0.14/turn                x - +6 ring of strength

@: flying
A: high MP 1, forlorn, divine attributes
a: no special abilities


You were on level 10 of the Dungeon.
You visited 1 branch of the dungeon, and saw 10 of its levels.
You also visited: Ossuary.

You collected 623 gold pieces.
You spent 121 gold pieces at shops.

Inventory:

Hand Weapons
 a - a +0 war axe (weapon)
 N - a +0 mace
Missiles
 b - 3 boomerangs
 e - 28 poisoned darts (quivered)
 D - 7 curare-tipped darts
 J - 2 throwing nets
Armour
 n - a +0 cloak (worn)
 q - a +0 kite shield (worn)
 y - a +0 chain mail (worn)
 C - a +0 pair of boots (worn)
 E - the +18 shield of the Gong {Loud rN+ Will+ rCorr EV-5}
   (You found it on level 9 of the Dungeon)

   Loud:      It is deafeningly noisy when blocking attacks.
   EV:        It affects your evasion (-5).
   rN:        It protects you from negative energy.
   rCorr:     It protects you from acid and corrosion.
   Will:      It increases your willpower.
 F - a +0 pair of gloves (worn)
Jewellery
 t - a ring of flight (left hand)
 x - a +6 ring of strength (right hand)
Wands
 B - a wand of paralysis (6)
 L - a wand of quicksilver (8)
Scrolls
 c - 2 scrolls of poison
 f - 5 scrolls of teleportation
 h - a scroll of enchant weapon
 j - a scroll of enchant armour {unknown}
 o - 2 scrolls of blinking
 r - 4 scrolls of immolation
 s - a scroll of torment {unknown}
 v - 3 scrolls of fear {unknown}
 H - a scroll of magic mapping {unknown}
 I - a scroll of butterflies {unknown}
 O - a scroll of amnesia {unknown}
Potions
 d - 2 potions of flight
 g - 12 potions of curing
 i - a potion of brilliance
 k - a potion of invisibility
 l - 3 potions of haste
 m - a potion of degeneration {unknown}
 p - 2 potions of attraction
 u - 3 potions of lignification
 w - a potion of berserk rage {unknown}
 z - a potion of ambrosia {unknown}
 A - 2 potions of might
 G - a potion of mutation {unknown}
 K - 2 potions of magic
 M - a potion of cancellation {unknown}


   Skills:
 - Level 6.0 Fighting
 * Level 13.3 Axes
 - Level 5.0 Armour
 + Level 7.0 Shields


You had 10 spell levels left.
You didn't know any spells.
Your spell library contained the following spells:

 Spells                   Type           Power      Damage    Failure   Level
 Inner Flame              Hex/Fire       0%         N/A       100%        3
 Ozocubu's Armour         Ice            0%         N/A       100%        3
 Tukima's Dance           Hex            0%         N/A       100%        3
 Flame Wave               Conj/Fire      0%         2d4       100%        4
 Passage of Golubria      Tloc           0%         N/A       100%        4
 Sticky Flame             Conj/Fire      0%         2d3       100%        4
 Yara's Violent Unravell  Hex/Tmut       0%         3d3       100%        5
 Ozocubu's Refrigeration  Ice            0%         4d7       100%        7


Dungeon Overview and Level Annotations

Branches:
Dungeon (10/15)            Temple (0/1) D:4            Lair (0/5) D:10
Ossuary (visited)
    Orc: D:9-12

Shops:
D:4 *   D:5 [

Annotations:
D:5 exclusion: statue


Innate Abilities, Weirdness & Mutations

You have an increased reservoir of magic. (+10% MP)
You shall have no god before yourself.
Your divine heritage dramatically boosts your attributes as you level up.


Message History

You barely miss the troll. The troll bites you but does no damage.
The troll closely misses you. The troll claws you but does no damage.
The orc hits you but does no damage.
You barely miss the troll. The troll bites you.
The troll claws you but does no damage. x2
The orc hits you from afar with a +0 trident.
You barely miss the troll. The troll bites you but does no damage.
The troll claws you! The troll claws you. You block the orc's attack.
You barely miss the troll. You block the troll's attack.
The troll claws you but does no damage. You block the troll's attack.
The orc hits you but does no damage.
You closely miss the troll. You block the troll's attack. x2
The troll claws you! The orc closely misses you.
You hit the troll.
The troll is lightly wounded.
The troll bites you. The troll claws you. x2
* * * LOW HITPOINT WARNING * * *
The orc hits you but does no damage.
You hit the troll.
The troll is lightly wounded.
The troll closely misses you. The troll barely misses you.
The troll closely misses you. You block the orc's attack.
You completely miss the troll. You block the troll's attack.
The troll claws you.
* * * LOW HITPOINT WARNING * * *
The troll claws you but does no damage.
The orc hits you from afar with a +0 trident.
* * * LOW HITPOINT WARNING * * *
Aiming: Quicksilver Bolt
Press: ? - help, Shift-Dir - straight line, f - orc
Aim: an orc, wielding a +0 trident and wearing a +0 leather armour (71% to hit)
The bolt of dispelling energy hits the troll!
The troll is moderately wounded.
The bolt of dispelling energy hits the orc!
You kill the orc!
You hear a shout!
The troll bites you!
* * * LOW HITPOINT WARNING * * *
The troll claws you!
You die...

## #).......#..'.... .
#.<......####.... .
#........# #...> #.
#####'#### ##### ##.#
#.# # #.#.#.# #.# #
......)## #.## #oT###
#..# ### ###@.####.##
#.. ##.......# #..
####.......# #..
#..........### #..
.#..<................
#............#######..
###..........# #..
#..........# #..
############ ###


You could see a troll and an orc.

Vanquished Creatures
  A two-headed ogre (D:8)
  Pikel (D:4)
  An ugly thing (D:9)
  2 vault sentinels (D:9)
  Psyche (D:9)
  A kobold demonologist (D:9)
  A komodo dragon (D:8)
  A wraith (D:10)
  A wyvern (shapeshifter) (D:8)
  6 yaks
  A wyvern (D:8)
  Eustachio (D:6)
  A steam dragon (D:9)
  Menkaure (D:7)
  Edmund (D:5)
  Duvessa (D:5)
  5 water moccasins
  2 black bears
  A hornet zombie (Ossuary)
  3 ice beasts
  A sky beast (D:8)
  An ogre (D:5)
  A phantom (D:5)
  2 centaurs
  4 lemures
  3 kobold brigands
  A gnoll sergeant (D:6)
  4 scorpions
  6 bullfrogs
  3 water moccasin zombies (Ossuary)
  A wyvern zombie (Ossuary)
  3 wights (D:8)
  Dowan (D:5)
  4 killer bees (D:8)
  8 howler monkeys
  4 bullfrog zombies (Ossuary)
  4 centaur zombies (Ossuary)
  3 jellies (D:6)
  2 orc priests
  4 hounds
  Crazy Yiuf (D:3)
  2 gnoll boudas
  9 orc wizards
  3 sleepcaps
  7 iguanas
  4 killer bee zombies (Ossuary)
  12 mummies (Ossuary)
  5 howler monkey zombies (Ossuary)
  18 gnolls
  3 adders
  4 shadow imps
  3 adder zombies (D:2)
  An adder skeleton (D:2)
  2 worms
  2 dart slugs
  23 orcs
  A bat zombie (D:2)
  3 endoplasms
  5 giant cockroaches
  16 goblins
  4 hobgoblins
  A quokka (D:5)
  4 ball pythons
  A ball python skeleton (D:2)
  A ball python zombie (D:2)
  4 bats
  2 frilled lizards
  A jackal skeleton (D:2)
  A jackal zombie (D:2)
  17 kobolds
  A quokka skeleton (D:2)
  6 rats
260 creatures vanquished.

Vanquished Creatures (others)
  A human (D:7)
  An orc wizard (D:3)
  A plant (D:4)
  24 withered plants
27 creatures vanquished.

Grand Total: 287 creatures vanquished

Notes
Turn   | Place    | Note
-------+----------+-------------------------------------------
     0 | D:1      | greasedhog the Demigod Fighter began the quest for the Orb.
     0 | D:1      | Reached XP level 1. HP: 18/18 MP: 3/3
   150 | D:1      | Reached skill level 2 in Axes
   421 | D:1      | Reached XP level 2. HP: 25/25 MP: 4/4
   935 | D:2      | Reached XP level 3. HP: 30/31 MP: 5/5
   978 | D:2      | Reached skill level 3 in Axes
  1081 | D:2      | Reached XP level 4. HP: 11/38 MP: 6/6
  1929 | D:3      | Reached skill level 4 in Axes
  1959 | D:3      | Reached XP level 5. HP: 46/46 MP: 7/7
  2303 | D:3      | Found a runed translucent door.
  2304 | D:3      | Noticed Crazy Yiuf
  2323 | D:3      | Killed Crazy Yiuf
  2490 | D:4      | Noticed Pikel
  2742 | D:4      | Reached skill level 5 in Axes
  2748 | D:4      | Reached XP level 6. HP: 46/52 MP: 8/8
  2855 | D:4      | Found Axzuc's Neck Hole.
  3037 | D:4      | Killed Pikel
  3038 | D:4      | Reached skill level 5 in Fighting
  3038 | D:4      | Reached skill level 6 in Axes
  3038 | D:4      | Reached XP level 7. HP: 25/61 MP: 9/9
  3416 | D:4      | Found a staircase to the Ecumenical Temple.
  3668 | D:4      | Reached skill level 7 in Axes
  3811 | D:5      | Entered Level 5 of the Dungeon
  3811 | D:5      | Noticed Dowan
  3813 | D:5      | Noticed Duvessa
  3825 | D:5      | Killed Duvessa
  3841 | D:5      | Killed Dowan
  4113 | D:5      | Noticed Edmund
  4125 | D:5      | Killed Edmund
  4126 | D:5      | Reached XP level 8. HP: 23/70 MP: 10/10
  4405 | D:5      | Found Giloll's Antique Armour Boutique.
  4413 | D:5      | Bought a kite shield for 121 gold pieces
  4504 | D:5      | Reached skill level 8 in Axes
  5260 | D:6      | Found a sand-covered staircase.
  5271 | D:6      | Noticed Eustachio
  5312 | D:6      | Killed Eustachio
  5353 | Ossuary  | Entered an ossuary
  5474 | Ossuary  | Reached skill level 9 in Axes
  5731 | Ossuary  | Reached XP level 9. HP: 66/75 MP: 11/11
  6474 | D:6      | Reached skill level 5 in Armour
  6511 | D:6      | Reached skill level 10 in Axes
  7352 | D:7      | Noticed Menkaure
  7364 | D:7      | Killed Menkaure
  8452 | D:7      | Reached skill level 11 in Axes
  8816 | D:8      | Reached XP level 10. HP: 36/83 MP: 13/13
  8827 | D:8      | Reached skill level 5 in Shields
  9123 | D:8      | Noticed a black mamba
  9405 | D:8      | Reached skill level 12 in Axes
  9414 | D:8      | Noticed a two-headed ogre
  9497 | D:8      | Killed a two-headed ogre
 10481 | D:9      | Noticed a purple ugly thing
 10498 | D:9      | Killed a purple ugly thing
 10844 | D:9      | Noticed a vault sentinel
 10844 | D:9      | Noticed a vault sentinel
 10887 | D:9      | Killed a vault sentinel
 10898 | D:9      | Killed a vault sentinel
 10899 | D:9      | Reached skill level 13 in Axes
 11182 | D:9      | Noticed a soul eater
 11312 | D:9      | Reached XP level 11. HP: 71/89 MP: 14/14
 11417 | D:9      | Noticed Psyche
 11425 | D:9      | Killed Psyche
 11548 | D:9      | Found the +18 shield of the Gong {Loud rN+ Will+ rCorr
                  | EV-5}
 11665 | D:10     | Entered Level 10 of the Dungeon
 11686 | D:10     | Found a staircase to the Lair.
 12008 | D:10     | Slain by a troll

Illustrated notes

Levels and vault maps discovered:
D:1:      dpeg_arrival_central, layout_basic, ebering_ecumenical_altar_abandoned
D:2:      layout_loops_ring, serial_undead, serial_undead_b, serial_undead_e,
          serial_undead_c, serial_undead_e, serial_undead_b, serial_undead_d,
          serial_undead_d, serial_undead_e, serial_undead_d, serial_undead_b
D:3:      layout_basic, nicolae_overflow_ecumenical_swirl,
          hangedman_abyss_or_decor_stabs, uniq_crazy_yiuf_cottage
D:4:      layout_cave_pools, grunt_gozag_breadcrumbs, grunt_qazlal_clouds,
          mainiacjoe_overflow_surrounded_room,
          minmay_temple_entry_enclosed_plants,
          nicolae_shop_sticking_my_neck_out, uniq_pikel
D:5:      layout_loops_cross, vehumet_statue, mainiacjoe_overflow_24_doors,
          serial_rivers, chequers_serial_rivers_room_b,
          chequers_serial_rivers_micro_b, chequers_serial_rivers_large_a,
          chequers_serial_rivers_room_a, chequers_serial_rivers_small_b,
          chequers_serial_rivers_micro_e, serial_shops, shop, uniq_edmund,
          uniq_duvessa
D:6:      layout_gridville, lemuel_doored_altar,
          lightli_ossuary_entry_decrepit_ruins, minivault_1, uniq_eustachio
D:7:      layout_basic, kennysheep_little_box, tgw_kikubaaqudgha,
          nicolae_hexahallways, uniq_menkaure
D:8:      minmay_slanted_spiral_squares, layout_gridville, enter_bailey_3,
          chequers_serial_rivers_marsh
D:9:      layout_rooms, hellmonk_guarded_unrand_gong, uniq_psyche
D:10:     layout_roguey, mainiacjoe_overflow_boulevard, lair_entry_dummy,
          erik_orc_3

Skill      XL: |  1  2  3  4  5  6  7  8  9 10 11 |
---------------+----------------------------------+-----
Axes           | 2 3 4 5 6 7 9 11 13 | 13.3
Fighting       | 3 4 5 6 |  6.0
Armour         | 4 5 |  5.0
Shields        | 4 6 7 |  7.0

Action                     |  1- 3 |  4- 6 |  7- 9 | 10-12 || total
---------------------------+-------+-------+-------+-------++-------
  Melee: War axe           |   120 |   142 |   515 |   246 ||  1023
  Throw: Dart              |       |     2 |     1 |     1 ||     4
  Evoke: Wand              |       |       |       |     7 ||     7
    Use: Scroll            |     2 |       |     8 |     3 ||    13
         Potion            |       |     2 |       |     4 ||     6
   Stab: Paralysed         |       |       |       |     6 ||     6
 Armour: Scale mail        |    60 |    64 |    99 |       ||   223
         Chain mail        |       |       |    80 |   107 ||   187
  Dodge: Dodged            |    58 |    71 |   162 |    64 ||   355
  Block: Buckler           |    33 |    22 |    24 |       ||    79
         Kite shield       |       |       |   191 |   122 ||   313

Table legend: (Time is in decaauts)
 A = Elapsed time spent in this place.
 B = Non-inter-level travel time spent in this place.
 C = Inter-level travel time spent in this place.
 D = Time resting spent in this place.
 E = Time spent auto-exploring this place.
 F = Levels seen in this place.
 G = Mean time per level.
                   A        B        C        D        E       F      G
               +--------+--------+--------+--------+--------+-----+--------+
         Total |  12236 |  11813 |    423 |   2642 |   6557 |  11 | 1112.4 |
       Dungeon |  11135 |  10712 |    423 |   2047 |   6359 |  10 | 1113.5 |
       Ossuary |   1100 |   1100 |      0 |    595 |    198 |   1 | 1100.0 |
               +--------+--------+--------+--------+--------+-----+--------+

Top non-repeatable levels by time:
     D:8: 1806 daAuts
     D:7: 1507 daAuts
     D:5: 1485 daAuts
     D:6: 1165 daAuts
     D:4: 1110 daAuts
 Ossuary: 1100 daAuts
     D:3: 1073 daAuts
     D:2: 922 daAuts
     D:9: 906 daAuts
     D:1: 815 daAuts
    D:10: 342 daAuts
